 Dungeon Crawl Stone Soup version 0.30-b1-2-g02819fbbbe (webtiles) character file.

Game seed: 8325358045759022822

518 Mesmaeker13 the Firebug (level 6, 0/45 HPs)
             Began as a Demigod Fire Elementalist on June 24, 2023.
             Slain by a centaur (3 damage)
             ... on level 4 of the Dungeon.
             The game lasted 00:08:09 (4718 turns).

Mesmaeker13 the Firebug (Demigod Fire Elementalist) Turns: 4718, Time: 00:08:10

Health: 0/45       AC:  2    Str: 13    XL:     6   Next: 68%
Magic:  4/14       EV: 12    Int: 21    God:
Gold:   242        SH:  0    Dex: 14    Spells: 5/12 levels left

rFire   . . .        s - +0 long sword
rCold   + . .        (no shield)
rNeg    . . .        a - +0 robe
rPois   .            (no helmet)
rElec   .            (no cloak)
rCorr   +            (no gloves)
SInv    .            (no boots)
Will    .....        (no amulet)
Stlth   ++           g - ring of resist corrosion
HPRegen 0.27/turn    o - ring of protection from cold
MPRegen 0.14/turn

%: no passive effects
@: mighty, very slightly contaminated
A: high MP 1, forlorn, divine attributes
a: no special abilities


You were on level 4 of the Dungeon.
You visited 1 branch of the dungeon, and saw 6 of its levels.

You collected 242 gold pieces.

Inventory:

Hand Weapons
 s - a +0 long sword (weapon)
Missiles
 m - 2 javelins
 p - 8 poisoned darts (quivered)
Armour
 a - a +0 robe (worn)
 y - the -2 pair of boots "Matued" {Contam Will+ Regen+ SInv}
   (You found it on level 4 of the Dungeon)

   SInv:      It lets you see invisible.
   Contam:    It causes magical contamination when unequipped.
   Regen:     It increases your rate of health regeneration.
   Will:      It increases your willpower.
Jewellery
 g - a ring of resist corrosion (left hand)
 o - a ring of protection from cold (right hand)
Scrolls
 d - a scroll of butterflies {unknown}
 f - a scroll of acquirement
 i - a scroll of magic mapping
 k - a scroll of silence
 n - a scroll of poison {unknown}
 q - a scroll of enchant armour {unknown}
 r - a scroll of fog {unknown}
 t - a scroll of noise
 u - a scroll of brand weapon {unknown}
 v - 3 scrolls of teleportation
 x - 2 scrolls of enchant weapon {unknown}
Potions
 b - a potion of magic
 c - a potion of might
 e - a potion of berserk rage
 h - a potion of flight
 j - a potion of brilliance {unknown}
 l - 4 potions of curing {unknown}
 w - a potion of mutation {unknown}


   Skills:
 + Level 2.5 Dodging
 - Level 1.7 Stealth
 + Level 3.7 Spellcasting
 + Level 3.6 Conjurations
 + Level 4.6 Fire Magic


You had 5 spell levels left.
You knew the following spells:

 Your Spells              Type           Power      Damage    Failure   Level
a - Foxfire               Conj/Fire      84%        2x1d8     2%          1
b - Scorch                Fire           46%        2d6       2%          2
c - Flame Wave            Conj/Fire      21%        2d8       22%         4

Your spell library contained the following spells:

 Spells                   Type           Power      Damage    Failure   Level
 Necrotise                Necr           12%        1d4       12%         1
 Inner Flame              Hex/Fire       13%        N/A       14%         3
 Volatile Blastmotes      Fire/Tloc      26%        2d12      14%         3
 Vampiric Draining        Necr           3%         2d6       36%         3
 Agony                    Necr           3%         N/A       98%         5


Dungeon Overview and Level Annotations

Branches:
Dungeon (6/15)             Temple (0/1) D:4

Shops:
D:4 *

Annotations:
D:3 3 runed translucent doors, diceflayer's ghost, amateur DsHu


Innate Abilities, Weirdness & Mutations

You have an increased reservoir of magic. (+10% MP)
You shall have no god before yourself.
Your divine heritage dramatically boosts your attributes as you level up.


Message History

The centaur kicks you but does no damage.
The centaur barely misses you. The centaur kicks you.
Casting: Scorch (safe; 2% risk of failure)
Confirm with . or Enter, or press ? or * to list all spells.
Flames lash the centaur.
The centaur is moderately wounded.
The centaur's fire resistance burns away.
The centaur closely misses you. The centaur misses you.
Unknown command.
Casting: Scorch (safe; 2% risk of failure)
Confirm with . or Enter, or press ? or * to list all spells.
You conjure some foxfire!
The centaur hits you. The centaur completely misses you. The centaur hits you.
The centaur kicks you.
The foxfire hits the centaur but does no damage.
The centaur is moderately wounded.
The foxfire hits the centaur.
The centaur is burned terribly!
The centaur is moderately wounded.
The centaur hits you.
* * * LOW HITPOINT WARNING * * *
The centaur barely misses you.
Casting: Foxfire (safe; 2% risk of failure)
Confirm with . or Enter, or press ? or * to list all spells.
You conjure some foxfire!
The centaur hits you.
* * * LOW HITPOINT WARNING * * *
The centaur kicks you but does no damage.
The centaur hits you.
* * * LOW HITPOINT WARNING * * *
The centaur barely misses you.
The centaur is no longer more vulnerable to fire.
The foxfire hits the centaur.
The centaur is heavily wounded.
The foxfire hits the centaur but does no damage.
The centaur is heavily wounded.
The centaur hits you.
* * * LOW HITPOINT WARNING * * *
The centaur misses you.
It was a potion of might.
You feel very mighty all of a sudden. The centaur hits you.
You die...

### # ##.....######
.####.#
######..........# .....#
### ................#
.#..## ...
#####...∩.....####
.....#
#.##..........#.#.##
.####.#
#....##..>.........## .#
#
###.............#.....#
.###..
....<.§.#.....#.....#.##
.....#
###....@#.....#.#..>...#
..##.#
#...c####.###.#.#.#..#
..#.. #.#.# #.#
#.#......# ...#.# # #.
#.# #.###.##.# ..#..#
#.. ... ..# #<# #.##.#
..#..# #.#...# .## #.#
#.##.# .....# #.###.#
#.####.# #.##.# #.#..#
#.# #.# #.##...###.##.#
#.#..# #.# #.#
#.#.....##.##.#


You could see a centaur.

Vanquished Creatures
  An ogre (D:4)
  A scorpion (D:4)
  2 hounds
  2 iguanas
  2 orc wizards (D:6)
  7 gnolls
  4 adders
  2 ufetubi (D:5)
  A worm (D:4)
  A dart slug (D:1)
  6 orcs
  6 ball pythons
  9 endoplasms
  7 giant cockroaches
  8 hobgoblins
  3 jackals (D:1)
  7 kobolds
  2 quokkas
  A ball python zombie (D:3)
  11 bats
  4 frilled lizards
  A giant cockroach zombie (D:3)
  7 goblins
  5 rats
100 creatures vanquished.

Vanquished Creatures (collateral kills)
  2 foxfires (D:3)
2 creatures vanquished.

Vanquished Creatures (others)
  224 foxfires
  8 fungi (D:5)
  2 plants (D:3)
234 creatures vanquished.

Grand Total: 336 creatures vanquished

Notes
Turn   | Place    | Note
-------+----------+-------------------------------------------
     0 | D:1      | Mesmaeker13 the Demigod Fire Elementalist began the quest
                  | for the Orb.
     0 | D:1      | Reached XP level 1. HP: 14/14 MP: 5/5
    51 | D:1      | Reached skill level 1 in Conjurations
   304 | D:1      | Reached XP level 2. HP: 18/20 MP: 2/7
   491 | D:1      | Reached skill level 3 in Fire Magic
   836 | D:1      | Reached XP level 3. HP: 26/26 MP: 7/9
  1202 | D:2      | Learned a level 2 spell: Scorch
  2139 | D:3      | Found a runed translucent gate.
  2139 | D:3      | Found a runed translucent gate.
  2139 | D:3      | Found a runed translucent gate.
  2139 | D:3      | Noticed diceflayer's ghost (amateur DsHu)
  2285 | D:3      | You fall into a shaft and drop 3 floors!
  2384 | D:6      | Reached XP level 4. HP: 23/33 MP: 4/10
  2486 | D:6      | Noticed a black bear
  2524 | D:6      | Identified a scroll of acquirement
  2608 | D:5      | Entered Level 5 of the Dungeon
  2660 | D:5      | Reached XP level 5. HP: 33/38 MP: 9/12
  2808 | D:5      | Reached skill level 4 in Fire Magic
  3077 | D:4      | Found Suth's Superlative Supplies.
  3821 | D:4      | Learned a level 4 spell: Flame Wave
  3867 | D:4      | Found a staircase to the Ecumenical Temple.
  3924 | D:4      | Reached XP level 6. HP: 45/45 MP: 9/14
  4337 | D:4      | Noticed a water elemental
  4337 | D:4      | Noticed a fire elemental
  4338 | D:4      | Noticed an air elemental
  4355 | D:4      | Identified the -2 pair of boots "Matued" {Contam Will+
                  | Regen+ SInv}
  4718 | D:4      | Slain by a centaur

Illustrated notes

Levels and vault maps discovered:
D:1:      dpeg_arrival_arbitrary_b, layout_basic, minmay_tiny_reverse_x
D:2:      layout_loops_ring
D:3:      layout_loops_ring, mainiacjoe_overflow_alcove_4,
          mainiacjoe_overflow_boulevard, amcnicky_altar_gilded,
          mainiacjoe_overflow_24_doors, nicolae_yredelemnul_ghost_church
D:4:      layout_loops_ring, nicolae_qazlal_style_of_elements,
          mainiacjoe_overflow_large_starburst, minmay_temple_entry_slanted,
          kennysheep_crisscross, chequers_serial_rivers_micro_e,
          corexii_hall_statues_x, nicolae_alphabet_shops
D:5:      layout_loops_ring, serial_aquarium, aquarium_bridge_square
          [aquarium_subvault_wall, aquarium_subvault_bridge,
          aquarium_subvault_bridge, aquarium_subvault_bridge],
          aquarium_window_2, aquarium_window_3, aquarium_window_fake,
          aquarium_window_fake, aquarium_view_2a, uniq_grinder, uniq_duvessa,
          uniq_crazy_yiuf_cottage
D:6:      layout_loops_ring, serial_shops, shop, minivault_11

Skill      XL: |  1  2  3  4  5 |
---------------+----------------+-----
Conjurations   | 1 2 3 |  3.6
Spellcasting   | 2 3 |  3.7
Fire Magic     | 3 4 |  4.6
Dodging        | 2 |  2.5
Stealth        | |  1.7

Action                     |  1- 3 |  4- 6 || total
---------------------------+-------+-------++-------
  Melee: Long sword        |     1 |    11 ||    12
         Dagger            |     1 |       ||     1
  Throw: Dart              |       |     4 ||     4
   Cast: Foxfire           |    83 |    59 ||   142
         Scorch            |     4 |    28 ||    32
    Use: Scroll            |       |     6 ||     6
         Potion            |       |     1 ||     1
   Stab: Sleeping          |       |     1 ||     1
 Armour: Robe              |     7 |     9 ||    16
  Dodge: Dodged            |    15 |    34 ||    49
